 Dungeon Crawl Stone Soup version 0.23.1-37-gaa34b87 (console) character file.

Game seed: 10158812789666328319

18 fly the Slasher (level 2, -2/22 HPs)
             Began as a Demonspawn Skald on Mar 24, 2019.
             Slain by a kobold
             ... wielding a +2 short sword of holy wrath
              (3 damage)
             ... on level 2 of the Dungeon.
             The game lasted 00:01:16 (975 turns).

fly the Slasher (Demonspawn Skald)                   Turns: 975, Time: 00:01:17

Health: -2/22      AC:  3    Str: 11    XL:     2   Next: 51%
Magic:  5/5        EV: 12    Int: 14    God:
Gold:   18         SH:  0    Dex: 12    Spells: 4/5 levels left

rFire    . . .     SeeInvis .   a - +0 falchion
rCold    . . .     Gourm    .   (no shield)
rNeg     . . .     Faith    .   y - +1 robe {Archmagi}
rPois    .         Spirit   .   (no helmet)
rElec    .         Reflect  .   (no cloak)
rCorr    .         Harm     .   (no gloves)
MR       .....                  (no boots)
Stlth    +.........             (no amulet)
HPRegen  0.07/turn              (no ring)
MPRegen  0.09/turn              (no ring)

@: no status effects
A: spiny 1
a: no special abilities


You were on level 2 of the Dungeon.
You were not hungry.

You visited 1 branch of the dungeon, and saw 2 of its levels.

You collected 18 gold pieces.

Inventory:

Hand Weapons
 a - a +0 falchion (weapon)
Armour
 y - a +1 robe of the Archmagi (worn)
Scrolls
 c - a scroll of remove curse {unknown}
 e - 2 scrolls of teleportation {unknown}
 f - a scroll of fear {unknown}
 g - 2 scrolls of identify {unknown}
 h - a scroll of amnesia {unknown}
 k - a scroll of noise {unknown}
 o - a scroll of magic mapping {unknown}
Potions
 b - a potion of might {unknown}
 i - a potion of haste {unknown}
 j - a potion of heal wounds {unknown}
 l - a potion of curing {unknown}
 n - a potion of invisibility {unknown}
Comestibles
 d - 3 rations


   Skills:
 - Level 2.0 Fighting
 + Level 2.9 Long Blades
 - Level 0.8 Armour
 - Level 1.7 Dodging
 - Level 2.0 Spellcasting
 - Level 2.6 Charms


You had 4 spell levels left.
You knew the following spells:

 Your Spells              Type           Power        Failure   Level  Hunger
a - Infusion              Chrm           ##..         8%          1    ##.....

Your spell library contained the following spells:

 Spells                   Type           Power        Failure   Level  Hunger
 Song of Slaying          Chrm           ##......     12%         2    ###....
 Shroud of Golubria       Chrm/Tloc      #.........   21%         2    ###....
 Regeneration             Chrm/Necr      #.........   38%         3    ####...
 Spectral Weapon          Hex/Chrm       #.......     38%         3    ####...


Dungeon Overview and Level Annotations

Branches:
Dungeon (2/15)

Altars:
Xom


Innate Abilities, Weirdness & Mutations

You are partially covered in sharp spines.


Message History

Unknown command.
Unknown command.
The kobold hits you with a +2 short sword of holy wrath.
You convulse.
You see here 2 stones.
You barely miss the kobold.
The kobold hits you with a +2 short sword of holy wrath.
* * * LOW HITPOINT WARNING * * *
You convulse.
* * * LOW HITPOINT WARNING * * *
You hit the kobold but do no damage. The kobold barely misses you.
The kobold is struck by your spines. The kobold misses you.
You riposte.
You hit the kobold but do no damage.
The kobold is heavily wounded.
You closely miss the kobold.
The kobold is heavily wounded.
The kobold hits you with a +2 short sword of holy wrath.
* * * LOW HITPOINT WARNING * * *
You convulse.
You die...

... #.# #.# ###
##.# ...
##..##.#
#...#..#
#####.....####.
#..<@..).......
##.K####.......
#.## .#..### #.
.# .!.. .. .#
.## #.# )# # #.
.# #. ..


You could see a kobold.

Vanquished Creatures
  A dart slug (D:1)
  A worm (D:2)
  5 bats (D:1)
  4 goblins
  2 frilled lizards
  A rat (D:1)
14 creatures vanquished.

Notes
Turn   | Place    | Note
-------+----------+-------------------------------------------
     0 | D:1      | fly the Demonspawn Skald began the quest for the Orb.
     0 | D:1      | Reached XP level 1. HP: 16/16 MP: 3/3
   274 | D:1      | Gained mutation: You are partially covered in sharp spines.
                  | [demonic ancestry]
   274 | D:1      | Reached XP level 2. HP: 12/22 MP: 5/5
   475 | D:1      | Found an iron altar of Okawaru.
   477 | D:1      | Found an opulent altar of Gozag.
   477 | D:1      | Found a white marble altar of Elyvilon.
   479 | D:1      | Found a stormy altar of Qazlal.
   479 | D:1      | Found a glowing silver altar of Zin.
   479 | D:1      | Found a shimmering altar of Xom.
   975 | D:2      | HP: 1/22 [kobold/+2 short sword of holy wrath (2)]
   975 | D:2      | Slain by a kobold

Skill      XL: |  1 |
---------------+----+-----
Long Blades    | 2 |  2.9
Fighting       | |  2.0
Armour         | |  0.8
Dodging        | |  1.7
Spellcasting   | |  2.0
Charms         | |  2.6

Action                   || total
-------------------------++-------
Melee: Falchion          ||    34
 Stab: Sleeping          ||     1
Armor: Leather armour    ||     9
Dodge: Dodged            ||    20
       Rpst.: Falchion   ||     6
